 Dungeon Crawl Stone Soup version 0.30-b1-5-g8e6c1be481 (webtiles) character file.

Game seed: 4278946727559543849

11 Mysteryquy the Trooper (level 2, 0/24 HPs)
             Began as a Demonspawn Fighter on May 4, 2023.
             Slain by a frilled lizard (2 damage)
             ... on level 1 of the Dungeon.
             The game lasted 00:00:29 (387 turns).

Mysteryquy the Trooper (Demonspawn Fighter)          Turns: 387, Time: 00:00:30

Health: 0/24       AC:  6    Str: 16    XL:     2   Next: 13%
Magic:  2/2        EV:  8    Int:  9    God:
Gold:   13         SH:  5    Dex: 14    Spells: 1/1 levels left

rFire   . . .        a - +0 war axe
rCold   . . .        c - +0 buckler
rNeg    . . .        b - +0 scale mail
rPois   .            (no helmet)
rElec   .            (no cloak)
rCorr   .            (no gloves)
SInv    .            (no boots)
Will    .....        (no amulet)
Stlth   +            (no ring)
HPRegen 0.24/turn    (no ring)
MPRegen 0.08/turn

%: no passive effects
@: no status effects
A: thin skeletal structure 1
a: no special abilities


You were on level 1 of the Dungeon.
You visited 1 branch of the dungeon, and saw 1 of its levels.

You collected 13 gold pieces.

Inventory:

Hand Weapons
 a - a +0 war axe (weapon)
Armour
 b - a +0 scale mail (worn)
 c - a +0 buckler (worn)
Scrolls
 e - 3 scrolls of teleportation {unknown}
Potions
 d - a potion of might
 f - a potion of attraction {unknown}


   Skills:
 + Level 3.1 Fighting
 + Level 2.0 Axes
 + Level 2.8 Armour
 + Level 2.9 Shields


You had one spell level left.
You didn't know any spells.
Your spell library was empty.

Dungeon Overview and Level Annotations

Branches:
Dungeon (1/15)

Altars:


Innate Abilities, Weirdness & Mutations

You have a somewhat thin skeletal structure. (Dex +2, Stealth+)


Message History

* * * LOW HITPOINT WARNING * * *
The frilled lizard bites you.
* * * LOW HITPOINT WARNING * * *
The rat barely misses you. You block the bat's attack.
You block the frilled lizard's attack. The rat bites you but does no damage.
The bat closely misses you.
The frilled lizard bites you but does no damage.
You block the rat's attack. The frilled lizard barely misses you.
You block the rat's attack. The bat hits you.
* * * LOW HITPOINT WARNING * * *
The bat hits you but does no damage.
The frilled lizard bites you but does no damage.
You block the rat's attack. The bat hits you but does no damage.
The bat hits you but does no damage.
The frilled lizard bites you but does no damage.
The rat barely misses you. The bat hits you but does no damage.
The bat hits you but does no damage.
The frilled lizard bites you but does no damage.
The rat bites you.
* * * LOW HITPOINT WARNING * * *
The frilled lizard bites you.
* * * LOW HITPOINT WARNING * * *
The rat bites you but does no damage. The bat hits you but does no damage.
The bat hits you but does no damage.
The frilled lizard bites you but does no damage.
The rat closely misses you. The bat hits you but does no damage.
The frilled lizard bites you but does no damage.
The rat bites you but does no damage. The bat hits you but does no damage.
The bat closely misses you. You block the frilled lizard's attack.
The rat bites you but does no damage. The bat hits you but does no damage.
The frilled lizard barely misses you. The rat bites you but does no damage.
The bat hits you but does no damage. The bat barely misses you.
The frilled lizard bites you but does no damage.
The rat closely misses you. The frilled lizard bites you.
You die...

..#.....####.#.#. #.....#
#...+. #.....# ###.#. #.....#
#.#. #.....# #.#. . #.....#
#.#. ... #.....# #.#
.....###########.....# ####.##
............l@b...>..###.....#
......#####.r.................
..... #.....#..............#
.... #.#.#.##########.....#
... #.#.#+### #.....# ..
#.#.....# #.....# . #.#.....#
#.....# ..#.....# #.....#
##♣♣♣♣♣♣♣ ......#


You could see a bat, a frilled lizard and a rat.

Vanquished Creatures
  3 hobgoblins (D:1)
  2 jackals (D:1)
  2 quokkas (D:1)
  A bat (D:1)
  A rat (D:1)
9 creatures vanquished.

Notes
Turn   | Place    | Note
-------+----------+-------------------------------------------
     0 | D:1      | Mysteryquy the Demonspawn Fighter began the quest for the
                  | Orb.
     0 | D:1      | Reached XP level 1. HP: 18/18 MP: 1/1
   133 | D:1      | Gained mutation: You have a somewhat thin skeletal
                  | structure. (Dex +2, Stealth+) [demonic ancestry]
   133 | D:1      | Reached XP level 2. HP: 24/24 MP: 2/2
   345 | D:1      | HP: 1/24 [frilled lizard (2)]
   381 | D:1      | HP: 1/24 [frilled lizard (2)]
   387 | D:1      | Slain by a frilled lizard

Illustrated notes

Levels and vault maps discovered:
D:1:      psy_arrival_basics, layout_basic,
          shapermc_ecumenical_altar_totnotflames

Skill      XL: |  1 |
---------------+----+-----
Axes           | 2 |  2.0
Fighting       | |  3.1
Armour         | |  2.8
Shields        | |  2.9

Action                     || total
---------------------------++-------
  Melee: War axe           ||    30
 Armour: Scale mail        ||   179
  Dodge: Dodged            ||   129
  Block: Buckler           ||    84
